AoeStats
← koke0613

Black Forest

503268128Analyzed
2v2 RM · 1mo ago on Aug 30, 2026· 26m 39s· 4 players
Game mode
Random Map
Map size
Medium (4 player)
Population
200
Speed
Normal
Resources
Standard
Victory
Conquest
Starting age
Dark Age
Ending age
Imperial Age
RankedLock teamsTeams togetherTeam positionsShared explorationLock speedFull tech treeHidden civsTurbo modeCheats
Victory
Defeat
🇪🇸 Goths · Spain
803
+13
🇪🇸 Huns · Spain
803
+13
🇨🇱 Goths · Chile
541
-6
🇵🇪 Armenians · Peru
498
-5
Mai
1:09 Loom
13:11 Feudal Age
14:00 Town Watch
16:59 Double-Bit Axe
18:25 Wheelbarrow
17:30 Man-at-Arms
19:29 Stone Mining
19:30 Gold Mining
23:01 Forging
22:52 Scale Mail Armor
26:22 Castle Age
24:53 Horse Collar
SilverAgeGamer
1:37 Loom
15:46 Feudal Age
17:01 Double-Bit Axe
17:01 Horse Collar
17:34 Gold Mining
17:39 Stone Mining
18:16 Fishing Lines
julcmonster
6:34 Loom
12:34 Feudal Age
13:35 Double-Bit Axe
15:28 Scale Mail Armor
15:38 Forging
17:41 Man-at-Arms
24:16 Castle Age
23:18 Gold Mining
26:53 Wheelbarrow
26:13 Long Swordsman
26:14 Pikeman
27:06 Squires
27:48 Iron Casting
27:28 Chain Mail Armor
koke0613
1:14 Loom
11:57 Feudal Age
14:28 Horse Collar
14:39 Double-Bit Axe
14:51 Gold Mining
20:12 Castle Age
20:06 Bloodlines
20:10 Scale Barding Armor
20:17 Forging
21:45 Husbandry
22:09 Chain Barding Armor
22:35 Iron Casting
Connection lost

Rejoining the realm…

Still unreachable

The connection could not be restored.

Session expired

The server has moved on; the page needs a fresh start.